 Dungeon Crawl Stone Soup version 0.22.0-49-gab54619 (webtiles) character file.

1021313 sanboga the Invulnerable (level 27, -8/188 HPs)
             Began as a Gargoyle Berserker on Aug 12, 2018.
             Was the Champion of Zin.
             Splashed by an acid blob's acid (11 damage)
             ... on level 5 of the Pits of Slime on Sept 4, 2018.
             The game lasted 05:01:34 (82863 turns).

sanboga the Invulnerable (Gargoyle Berserker)      Turns: 82863, Time: 05:01:34

Health: -8/188     AC: 53    Str: 29    XL:     27
Magic:  49/49      EV:  9    Int:  6    God:    Zin [******]
Gold:   3016       SH:  8    Dex: 12    Spells: 26/26 levels left

rFire    + + +     SeeInvis +   L - +9 executioner's axe (holy)
rCold    + + +     Gourm    .   (shield currently unavailable)
rNeg     + + .     Faith    .   x - +1 gold dragon scales
rPois    ∞         Spirit   .   O - +2 helmet {SInv}
rElec    +         Reflect  +   a - +2 cloak {MR+}
rCorr    .         Harm     .   w - +2 pair of gloves {Dex+3}
MR       +++++                  C - +2 pair of boots {run}
Stlth    ..........             G - brooch of Shielding {Reflect SH+8}
HPRegen  0.41/turn              R - ring of Departure {rC++ rN+ MR+ Stlth-}
MPRegen  0.31/turn              E - ring "Jeisin" {rF++ MP+9 AC+2 Int-5}

@: corroded, berserk cooldown, flying, slowed, very slow
A: big wings, thin metallic scales 1, see invisible, magic resistance 1,
negative energy resistance 1, electricity resistance, weak 1, unbreathing,
petrification resistance, rot immunity, subdued magic 1, AC +20
}: 9/15 runes: decaying, serpentine, silver, iron, obsidian, icy, bone, abyssal,
demonic
a: Stop Flying, Recite, Vitalisation, Imprison, Sanctuary, Donate Gold, Renounce
Religion


You were on level 5 of the Pits of Slime.
You worshipped Zin.
Zin was exalted by your worship.
You were not hungry.

You visited 17 branches of the dungeon, and saw 83 of its levels.
You visited Pandemonium 1 time, and saw 5 of its levels.
You visited the Abyss 2 times.
You visited 1 ziggurat, and saw 16 of its levels.
You also visited: Labyrinth, Ice Cave, Volcano, Wizlab and Desolation.

You collected 13721 gold pieces.
You spent 1587 gold pieces at shops.
You donated 9118 gold pieces to Zin.

Inventory:

Hand Weapons
 L - a +9 executioner's axe of holy wrath (weapon)
Armour
 a - a +2 cloak of magic resistance (worn)
 w - a +2 pair of gloves of dexterity (worn)
 x - +1 gold dragon scales (worn)
 C - a +2 pair of boots of running (worn)
 O - a +2 helmet of see invisible (worn)
Jewellery
 E - the ring "Jeisin" (right hand) {rF++ MP+9 AC+2 Int-5}
   (You found it on level 1 of the Realm of Zot)

   [ring of protection]

   It affects your AC (+2).
   It affects your intelligence (-5).
   It greatly protects you from fire.
   It affects your magic capacity (+9).
 G - the brooch of Shielding (around neck) {Reflect SH+8}
   (You found it on level 12 of the Dungeon)

   [amulet of reflection]

   It shields you and reflects attacks.
   It affects your SH (+8).
 R - the ring of Departure (left hand) {rC++ rN+ MR+ Stlth-}
   (You found it on level 13 of a ziggurat)

   [ring of attention]

   It greatly protects you from cold.
   It protects you from negative energy.
   It affects your resistance to hostile enchantments.
   It makes you less stealthy.
Wands
 d - a wand of scattershot (15)
 k - a wand of enslavement (13)
 n - a wand of acid (52)
 p - a wand of disintegration (53)
 D - a wand of digging (13)
Scrolls
 b - 9 scrolls of fear
 e - 2 scrolls of holy word
 h - 4 scrolls of blinking
 o - a scroll of summoning
 q - 21 scrolls of remove curse
 t - 24 scrolls of teleportation
 v - 5 scrolls of identify
 M - 2 scrolls of silence
 N - 9 scrolls of fog
 P - 4 scrolls of magic mapping
Potions
 i - 5 potions of might
 m - 3 potions of curing
 s - 5 potions of cancellation
 u - 5 potions of agility
 A - 4 potions of mutation
 B - 7 potions of ambrosia
 F - 2 potions of resistance
 I - 7 potions of haste
Miscellaneous
 J - 2 phantom mirrors
Comestibles
 c - 28 rations


   Skills:
 - Level 23.3 Fighting
 - Level 26.6 Axes
 O Level 27 Armour
 - Level 1.5 Dodging
 O Level 27 Invocations
 + Level 26.9 Evocations


You had 26 spell levels left.
You didn't know any spells.
Your spell library was empty.

Dungeon Overview and Level Annotations

Branches:
Dungeon (15/15)            Temple (1/1) D:6            Lair (6/6) D:8
  Swamp (4/4) Lair:3        Snake (4/4) Lair:2        Slime (5/5) Lair:6
    Orc (2/2) D:9             Elf (3/3) Orc:2        Vaults (5/5) D:13
  Crypt (3/3) Vaults:2       Tomb (0/3) Crypt:3      Depths (5/5) D:15
   Hell (1/1)                 Dis (7/7) Hell            Geh (7/7) Hell
    Coc (7/7) Hell            Tar (7/7) Hell            Zot (1/5) Depths:5

Altars:
Cheibriados
Dithmenos
Gozag
Makhleb
Nemelex Xobeh
Qazlal
Sif Muna
Trog
Uskayaw
Vehumet
Wu Jian
Xom
Yredelemnul
Zin
The Shining One
Beogh
Jiyva

Shops:
D:4 %   D:6 !   Orc:2 =!}*%   Elf:1 ![   Elf:2 *   Elf:3 [

Portals:
Hell: Lair:6 Depths:1 Depths:2 Depths:3 Depths:4 Depths:5
Abyss: Depths:1 Depths:4 Depths:5
Pandemonium: Depths:2 Depths:3 Depths:5
Trove: Depths:2 (give 3 potions of resistance)


Innate Abilities, Weirdness & Mutations

You are resistant to torment.
Your stone body is resilient. (AC +20)
You are immune to poison.
Your large and strong wings let you fly indefinitely.
You resist negative energy. (rN+)
You are resistant to electric shocks. (rElec)
You can survive without breathing.
You are immune to petrification.
You are immune to rotting.
You are partially covered in thin metallic scales. (AC +2)
You have supernaturally acute eyesight. (SInv)
You are resistant to hostile enchantments. (MR+)
You are weak. (Str -2)
Your spells are a little easier to cast, but a little less powerful.


Message History

You feel yourself slow down. The acid blob spits acid at you.
The splash of acid hits you!
You are splashed with acid!
The acid burns!
Zin protects you from harm!
The slime creature hits you but does no damage.
You feel much better. The acid blob spits acid at you.
The splash of acid hits you! The acid corrodes you!
You are splashed with acid!
The acid burns!
* * * LOW HITPOINT WARNING * * *
A slime creature comes into view.
You block the slime creature's attack. The acid blob spits acid at you.
The splash of acid hits you!
You are splashed with acid!
The acid burns!
* * * LOW HITPOINT WARNING * * *
The acid blob spits acid at you. The splash of acid hits you!
* * * LOW HITPOINT WARNING * * *
The acid corrodes you!
You are splashed with acid!
The acid burns!
You die...

*,,,.................#**,}#}
**,,...............G.#*,,,$#
*,,.................##,,,|?
*,,..................##,,,#
**,...................#*,,,
*,,....................#*,*
***.......J.............#**
**,......................,,
**,,.......@......J.......,,
*,,,..#.#..J......J.......,,
***,**#*#................,,,
*,* #####...........,,,, *,*
##.........,,,,, ***
*.........,,,,,,
**,.......,,,,,,,
*,,......,,,,,,,,
**,,,.....,,,,,,,,


You could see 2 acid blobs and 2 slime creatures.

Vanquished Creatures
  the Royal Jelly (Slime:5)
  Ereshkigal (Tar:7)
  the Serpent of Hell (Geh:7)
  Dispater (Dis:7)
  An orb of fire (Zot:1)
  3 ancient liches
  Mara (Crypt:1)
  2 juggernauts
  Margery (Crypt:1)
  3 shard shrikes
  Geryon (Hell)
  The ghost of Feheh the Warrior, a veteran DrAr of Dithmenos (Crypt:2)
  4 caustic shrikes
  4 pandemonium lords (Pan)
  2 golden dragons
  Jory (Vaults:2)
  16 bone dragons
  2 profane servitors (Zig:14)
  7 doom hounds
  16 Brimstone Fiends
  17 Tzitzimimeh
  2 iron giants (Dis:7)
  6 tentacled monstrosities
  8 Hell Sentinels
  20 Ice Fiends
  3 quicksilver dragons (Zot:1)
  The ghost of Kastrarch the Tortoise, an adept MiFi of Okawaru (Crypt:2)
  2 deep elf blademasters (Elf:3)
  15 acid blobs
  2 Executioners
  18 liches
  4 titans
  An eldritch tentacle (Coc:5)
  4 deep elf master archers
  2 death cobs (Zot:1)
  9 ancient champions
  3 thorn hunters (Swamp:3)
  4 sphinxes
  The ghost of wevryn the Blocker, an adept GnFi of Cheibriados (Elf:3)
  13 shadow dragons
  Roxanne (Elf:1)
  Agnes (Snake:2)
  9 tentacled starspawn
  10 tengu reavers
  4 storm dragons
  An azure jelly (shapeshifter) (Vaults:5)
  2 draconian monks
  21 azure jellies
  13 fire giants
  8 nagarajas (Snake:4)
  5 draconian knights
  2 draconian scorchers
  5 deep elf sorcerers
  7 revenants
  An imperial myrmidon (Desolation)
  7 iron dragons
  16 frost giants
  Louise (Snake:2)
  10 balrugs
  5 black suns
  A warmonger (Pan)
  A spectral juggernaut (Zig:14)
  5 cacodemons
  8 vault wardens
  2 orc warlords (Zig:11)
  A draconian shifter (Zig:10)
  3 deep elf elementalists (Elf:3)
  16 ironheart preservers
  7 elemental wellsprings
  5 draconian stormcallers
  4 curse skulls
  A spriggan defender (Depths:4)
  10 ghouls
  57 reapers
  37 stone giants
  4 draconian annihilators (Zot:1)
  10 war gargoyles
  24 very ugly things
  A blood saint (Pan)
  15 vampire knights
  Nessos (Lair:4)
  4 entropy weavers
  7 deep elf demonologists
  5 yellow draconians
  3 corrupters (Pan)
  The ghost of fearitself the Covert, a journeyman GnEn of Uskayaw (Lair:6)
  6 black draconians
  10 deep elf annihilators
  4 spark wasps
  5 green draconians (Zot:1)
  2 halazid warlocks (Desolation)
  5 white draconians
  A minotaur (Lab)
  8 lorocyprocas
  4 purple draconians
  8 red draconians
  A dire elephant (Lair:6)
  2 spark wasps (shapeshifter)
  12 blizzard demons
  2 merfolk javelineers (Abyss:3)
  10 fire dragons
  7 death oozes
  A merfolk impaler (Depths:5)
  7 eidola
  A green death (Pan)
  7 crystal guardians
  14 ettins
  5 kraken zombies
  3 jiangshi
  A mummy priest (Zig:3)
  6 quicksilver dragon zombies
  10 great orbs of eyes
  9 deep elf death magi
  6 deep elf high priests
  11 yaktaur captains
  28 ice dragons
  3 ragged hierophants (Desolation)
  Fannar (D:12)
  6 servants of whispers (Desolation)
  Erolcha (D:10)
  8 peacekeepers
  29 hydras
  34 vault guards
  4 quicksilver dragon skeletons
  9 rakshasas
  2 spectral shadow dragons (Zig:14)
  16 naga warriors
  A monstrous demonspawn (Pan)
  5 spriggan air magi
  11 anacondas
  2 hell beasts
  7 ghost crabs
  A spectral sphinx (Zig:14)
  The ghost of snuffy the Covert, a journeyman OpAs of Gozag (D:11)
  15 ogre magi
  2 anacondas (shapeshifter) (Vaults:5)
  40 two-headed ogres
  8 deep troll shamans
  14 alligators
  11 centaur warriors
  A two-headed ogre (shapeshifter) (Vaults:4)
  4 merfolk aquamancers (Zig:16)
  8 death knights
  11 vampire magi
  35 dancing weapons
  9 naga sharpshooters
  A death scarab (Zig:3)
  5 tengu warriors
  4 death yaks
  The ghost of Elideghu the Severer, a novice HOFi of Beogh (Lair:1)
  8 titan zombies
  5 deep troll earth magi
  4 orc high priests
  15 shock serpents
  12 thrashing horrors
  4 spriggan berserkers
  26 hell hogs
  20 soul eaters
  4 storm dragon zombies
  2 iron golems (Depths:3)
  20 deep elf knights
  Sonja (Orc:1)
  4 wretched stars (Abyss:3)
  9 sixfirhies
  22 sun demons
  A spectral death yak (Lair:1)
  8 salamander mystics
  3 titan skeletons
  2 storm dragon skeletons
  31 hell knights
  16 shadow wraiths
  13 iron trolls
  94 skeletal warriors
  3 death drakes
  2 spectral spark wasps (Zig:14)
  2 infernal demonspawn (Pan)
  34 deep trolls
  A glowing orange brain (shapeshifter) (Vaults:5)
  7 flayed ghosts
  4 torturous demonspawn
  5 spatial maelstroms (Abyss:3)
  6 wizards
  A lindwurm (shapeshifter) (Vaults:5)
  6 naga ritualists
  A kraken simulacrum (Coc:1)
  4 golden dragon zombies
  16 anaconda zombies
  12 unseen horrors
  8 glowing orange brains
  An orange crystal statue (Zig:3)
  12 shadow demons
  13 ironbrand convokers
  4 shambling mangroves
  2 gelid demonspawn (Pan)
  2 golden dragon skeletons
  A sea snake (Zig:16)
  15 swamp dragons
  14 deep elf archers
  Pikel (D:4)
  21 large abominations
  4 lindwurms (Snake:4)
  4 ghost moth zombies
  17 necromancers
  4 anaconda skeletons
  10 harpies
  4 wolf spider zombies
  15 orc knights
  7 shadow dragon zombies
  5 frost giant zombies
  6 iron dragon zombies
  4 shadow dragon skeletons
  A sphinx zombie (Zig:4)
  9 stone giant zombies
  6 wolf spiders
  10 orc sorcerers
  81 deep elf magi
  11 mana vipers
  7 oklob plants (Zig:13)
  44 ugly things
  5 worldbinders (Abyss:3)
  19 cyclopes
  A mana viper (shapeshifter) (Vaults:5)
  20 phantasmal warriors
  18 moths of wrath
  4 manticores
  2 cyclopes (shapeshifter)
  12 salamanders
  8 fire giant zombies
  3 shining eyes
  5 iron dragon skeletons
  3 elephants (Lair:2)
  A guardian serpent (shapeshifter) (Vaults:3)
  An apocalypse crab (Abyss:3)
  13 vault sentinels
  A human skeleton (Vaults:5)
  An eye of devastation (Slime:4)
  An ice statue (IceCv)
  2 dire elephant zombies
  26 black mambas
  2 titan simulacra (Coc:7)
  6 orange demons
  11 stone giant skeletons
  Maurice (D:11)
  11 molten gargoyles
  7 guardian serpents
  A shock serpent skeleton (Crypt:1)
  20 naga magi
  A shock serpent zombie (Dis:1)
  A torpor snail (shapeshifter) (Depths:5)
  4 frost giant skeletons
  26 rust devils
  A minotaur zombie (Crypt:2)
  13 fire giant skeletons
  A gargoyle (D:13)
  Psyche (D:8)
  2 dire elephant skeletons
  6 storm dragon simulacra (Coc:7)
  An emperor scorpion zombie (Coc:1)
  A yellow draconian zombie (Crypt:1)
  13 smoke demons
  37 freezing wraiths
  A black draconian zombie (Crypt:2)
  6 centaur skeletons
  2 spriggan zombies
  16 spiny frogs
  6 rime drakes
  2 efreet
  24 hellions
  51 yaktaurs
  A rime drake (shapeshifter) (Depths:5)
  6 komodo dragons
  4 hellwings
  A yaktaur zombie (Vaults:5)
  6 anaconda simulacra
  A black draconian skeleton (Geh:6)
  42 ice devils
  33 tormentors
  2 catoblepas skeletons
  3 kobold demonologists
  A guardian mummy (Zig:3)
  8 ancient zymes
  A demonic crawler (Pan)
  4 tengu conjurers
  26 polar bears
  6 merfolk (Zig:16)
  A yaktaur (shapeshifter) (Depths:2)
  2 harpy zombies
  27 red devils
  A jumping spider (shapeshifter) (Depths:2)
  3 meliai (D:15)
  2 queen bees (shapeshifter)
  3 silent spectres
  23 hornets
  19 hydra zombies
  9 trolls
  4 harpy skeletons
  6 hydra skeletons
  2 wind drakes (shapeshifter)
  A hornet (shapeshifter) (Depths:2)
  33 saltlings (Desolation)
  A blink frog (shapeshifter) (D:14)
  A blink frog (Abyss:3)
  60 slime creatures
  25 raiju (Abyss:3)
  5 fire dragon zombies
  10 bog bodies
  5 ice dragon zombies
  2 iron dragon simulacra
  A raiju (shapeshifter) (Vaults:4)
  7 alligator zombies
  A deep troll zombie (Depths:1)
  5 tyrant leeches
  7 ettin zombies
  A meliai zombie (D:15)
  A slime creature (shapeshifter) (Vaults:4)
  A spectral black mamba (Lair:1)
  5 hippogriffs
  A fire giant simulacrum (Zig:15)
  19 shadows
  4 air elementals
  121 flying skulls
  A frost giant simulacrum (Coc:6)
  10 ynoxinuls
  3 black mamba zombies
  A tarantella (shapeshifter) (Vaults:2)
  20 water elementals
  6 ice dragon skeletons
  An ushabti (Zig:3)
  3 alligator skeletons
  5 redbacks
  5 ettin skeletons
  8 spriggans
  7 wyverns
  19 small abominations
  3 fire dragon skeletons
  2 spectral komodo dragons (Lair:1)
  An elf simulacrum (Zig:15)
  A black mamba skeleton (Geh:6)
  60 starcursed masses
  29 wraiths
  A basilisk (shapeshifter) (Vaults:3)
  A golden eye (Zig:1)
  61 yaks
  26 fire elementals
  A basilisk (Lair:6)
  A death yak simulacrum (Lair:1)
  10 hungry ghosts
  12 chaos spawn
  20 vampire mosquitoes
  8 neqoxecs
  2 merfolk zombies (Tar:1)
  2 spatial vortices
  15 swamp worms
  14 wargs
  A torturous demonspawn zombie (Crypt:2)
  A gelid demonspawn zombie (Crypt:1)
  13 insubstantial wisps
  11 spiny frog zombies
  47 nagas
  2 acid dragons
  A two-headed ogre skeleton (Crypt:2)
  Duvessa (D:4)
  3 hydra simulacra
  7 porcupines
  8 water moccasins
  52 hell hounds
  2 spiny frog skeletons
  12 ice beasts
  45 orc warriors
  14 swamp drakes
  11 sky beasts
  3 slaves (D:4)
  6 black bears
  32 necrophages
  5 snapping turtle zombies
  16 wolves
  41 ogres
  2 manticore zombies
  2 alligator simulacra
  6 eyes of draining
  10 phantoms
  15 boggarts
  7 centaurs
  A fire dragon simulacrum (Crypt:1)
  6 snapping turtle skeletons
  2 swamp dragon skeletons
  A swamp dragon zombie (Dis:7)
  2 manticore skeletons
  A rime drake zombie (Crypt:1)
  13 crocodiles
  7 big kobolds
  14 bullfrogs
  3 spiny frog simulacra
  2 earth elementals
  A wyvern skeleton (D:11)
  4 scorpions
  Dowan (D:4)
  A human simulacrum (Vaults:2)
  4 tengu skeletons
  4 howler monkeys
  71 wights
  3 spriggan skeletons
  3 electric eels (Elf:3)
  6 centaur zombies
  15 crimson imps
  6 jellies
  A lava snake (Lair:3)
  3 quasits
  A bullfrog zombie (D:5)
  A demonspawn zombie (Crypt:1)
  18 orc priests
  8 hounds
  A gnoll shaman (D:6)
  Crazy Yiuf (D:3)
  20 iron imps
  Jessica (D:2)
  3 iguanas
  53 orc wizards
  7 worker ants
  5 hell rats (Hell)
  2 naga zombies
  A tengu zombie (Crypt:3)
  A felid skeleton (Crypt:2)
  7 mummies
  2 naga skeletons
  A howler monkey zombie (D:5)
  A worker ant zombie (D:5)
  12 gnolls
  A scorpion zombie (Crypt:1)
  12 adders
  20 shadow imps
  22 white imps
  2 ufetubi (Abyss:3)
  An adder zombie (D:7)
  2 adder skeletons
  5 dart slugs
  6 leopard geckos
  120 orcs
  13 bats
  A bat zombie (Crypt:2)
  5 giant cockroaches
  9 goblins
  7 hobgoblins
  5 jackals
  8 quokkas
  A ball python (D:1)
  6 frilled lizards
  A giant cockroach zombie (Crypt:1)
  A goblin skeleton (Crypt:2)
  21 kobolds
  2 kobold skeletons
  A leopard gecko zombie (D:5)
  An orc skeleton (Crypt:3)
  2 quokka skeletons
  10 rats
  10 briar patches (Swamp:3)
  7 crawling corpses
  3 fire vortices
  3 fungi
  3 lurking horrors (Abyss:3)
  3 plants
  11 starspawn tentacles
  10 tentacles
4219 creatures vanquished.

Vanquished Creatures (collateral kills)
  Antaeus (Coc:7)
  Asmodeus (Geh:7)
  An ancient lich (Depths:4)
  A juggernaut (Depths:4)
  2 caustic shrikes (Depths:5)
  Nikola (Elf:2)
  A Brimstone Fiend (Geh:7)
  A titan (Depths:4)
  A deep elf blademaster (Elf:3)
  2 sphinxes
  2 deep elf elementalists (Elf:3)
  A stone giant (Depths:4)
  A deep elf high priest (Elf:3)
  An ice dragon (Depths:4)
  An anaconda (Snake:4)
  5 dancing weapons (Elf:2)
  A queen ant (shapeshifter) (Depths:4)
  2 shock serpents (Snake:4)
  A naga sharpshooter (Snake:4)
  A hell knight (Vaults:5)
  The ghost of Shockey19 the Cleaver, a novice HOFi of Okawaru (D:7)
  A small abomination (Elf:3)
  An orc knight (Vaults:1)
  A flayed ghost (Vaults:5)
  A necromancer (Depths:4)
  A mana viper (Snake:4)
  A harpy (Zig:16)
  4 oklob plants (Lair:6)
  A stone giant zombie (Geh:7)
  A guardian serpent (Snake:4)
  A dire elephant skeleton (Dis:7)
  2 yaktaurs (Depths:5)
  A tengu conjurer (Depths:4)
  A merfolk (Zig:16)
  A crimson imp (D:15)
47 creatures vanquished.

Vanquished Creatures (others)
  A golden dragon (Depths:4)
  A Tzitzimitl (Zig:14)
  A fire giant (Depths:3)
  A deep elf sorcerer (Elf:3)
  An elemental wellspring (Coc:6)
  2 stone giants
  A blizzard demon (Zig:15)
  An ice dragon (Zig:15)
  An alligator (Swamp:3)
  A soul eater (Pan)
  A deep elf knight (Elf:2)
  2 hell hogs
  An unseen horror (Vaults:1)
  A spriggan druid (Swamp:4)
  A deep elf archer (Elf:1)
  2 deep elf magi
  A naga mage (Snake:2)
  A black mamba (Snake:3)
  A smoke demon (Pan)
  A spiny frog (Swamp:1)
  2 yaktaurs
  A tormentor (Dis:7)
  A polar bear (IceCv)
  A tyrant leech (Swamp:4)
  A ynoxinul (Zig:7)
  A spriggan (Swamp:4)
  A vampire mosquito (Swamp:1)
  An insubstantial wisp (Swamp:3)
  A naga (Snake:3)
  A swamp worm (Swamp:3)
  A wolf (IceCv)
  A centaur (D:9)
  2 wights
  6 orc wizards
  A mummy (Zig:6)
  2 white imps
  An orc (Vaults:4)
  A fire vortex (Geh:7)
  4 fungi (Lair:6)
  A lurking horror (Abyss:3)
  8 plants
  17 starspawn tentacles
  16 tentacles
  A withered plant (Crypt:2)
96 creatures vanquished.

Grand Total: 4362 creatures vanquished

Notes
Turn   | Place    | Note
-------+----------+-------------------------------------------
     0 | D:1      | sanboga the Gargoyle Berserker began the quest for the Orb.
     0 | D:1      | Reached XP level 1. HP: 14/14 MP: 1/1
   290 | D:1      | Reached XP level 2. HP: 14/19 MP: 2/2
   788 | D:1      | Reached XP level 3. HP: 15/23 MP: 3/3
  1132 | D:2      | Noticed Jessica
  1139 | D:2      | Killed Jessica
  1139 | D:2      | Reached ** piety under Trog
  1139 | D:2      | Reached XP level 4. HP: 18/29 MP: 4/4
  1769 | D:3      | Reached XP level 5. HP: 28/33 MP: 5/5
  2013 | D:3      | Found a runed door.
  2017 | D:3      | Noticed Crazy Yiuf
  2022 | D:3      | Killed Crazy Yiuf
  2499 | D:3      | Reached XP level 6. HP: 21/39 MP: 6/6
  2814 | D:4      | Noticed a slave
  2814 | D:4      | Noticed a slave
  2815 | D:4      | Noticed Pikel
  2816 | D:4      | Noticed a slave
  2817 | D:4      | Noticed a slave
  2875 | D:4      | Killed a slave
  2876 | D:4      | Killed Pikel
  2876 | D:4      | Reached skill level 5 in Fighting
  2876 | D:4      | Reached skill level 5 in Axes
  2876 | D:4      | Reached XP level 7. HP: 44/44 MP: 7/7
  2945 | D:4      | Found Astey's Food Boutique.
  3002 | D:4      | Noticed Dowan
  3003 | D:4      | Noticed Duvessa
  3014 | D:4      | Killed Dowan
  3014 | D:4      | Reached skill level 5 in Armour
  3017 | D:4      | Killed Duvessa
  3017 | D:4      | Reached XP level 8. HP: 51/51 MP: 8/8
  3032 | D:4      | Reached *** piety under Trog
  3513 | D:5      | Entered Level 5 of the Dungeon
  4182 | D:6      | Noticed a hippogriff
  4188 | D:6      | Killed a hippogriff
  4188 | D:6      | Reached XP level 9. HP: 51/57 MP: 9/9
  4389 | D:6      | Reached **** piety under Trog
  4485 | D:6      | Found Atsukh's Distillery.
  4503 | D:6      | Bought a potion of degeneration for 14 gold pieces
  4503 | D:6      | Bought a potion of heal wounds for 70 gold pieces
  4503 | D:6      | Bought a potion of mutation for 112 gold pieces
  4790 | D:6      | Found a staircase to the Ecumenical Temple.
  4794 | D:6      | Found a hide-covered altar of Uskayaw.
  5007 | D:7      | Noticed Shockey19's ghost (novice HOFi)
  5012 | D:7      | Found a runed gate.
  5012 | D:7      | Found a runed gate.
  5013 | D:7      | Found a runed gate.
  5013 | D:7      | Found a roughly hewn altar of Beogh.
  5043 | D:7      | Killed Shockey19's ghost
  5051 | D:7      | Got a bloodstained chain mail
  5099 | D:7      | Identified the +7 chain mail of Grace {*Corrode rElec rF+++
                  | Int-3} (You took it off an orc warrior on level 7 of the
                  | Dungeon)
  5345 | D:7      | Reached XP level 10. HP: 64/64 MP: 10/10
  5416 | D:7      | Noticed a green ugly thing
  5429 | D:7      | Killed a green ugly thing
  5670 | D:8      | Reached ***** piety under Trog
  5723 | D:8      | Noticed Psyche
  5729 | D:8      | Killed Psyche
  5729 | D:8      | Reached skill level 10 in Axes
  6225 | D:8      | Found a staircase to the Lair.
  6287 | D:8      | Found a bloodstained altar of Trog.
  6515 | D:9      | Noticed a white ugly thing
  6522 | D:9      | Killed a white ugly thing
  6893 | D:9      | Reached XP level 11. HP: 71/71 MP: 11/11
  6895 | D:9      | Found a staircase to the Orcish Mines.
  7218 | D:10     | Entered Level 10 of the Dungeon
  7532 | D:10     | Noticed Erolcha
  7546 | D:10     | Killed Erolcha
  7546 | D:10     | Reached skill level 10 in Fighting
  7991 | D:9      | Got a pitted chain mail
  8002 | D:9      | Identified the +3 chain mail of Geisch {rC- Str-3 Int+2
                  | Dex+8} (You found it on level 9 of the Dungeon)
  8289 | D:11     | Reached skill level 10 in Armour
  8441 | D:11     | Noticed Maurice
  8446 | D:11     | Noticed a cyclops
  8462 | D:11     | Killed a cyclops
  8514 | D:11     | Killed Maurice
  8584 | D:11     | Reached ****** piety under Trog
  8679 | D:11     | Found a runed gate.
  8681 | D:11     | Found a runed gate.
  8681 | D:11     | Found an opulent altar of Gozag.
  8695 | D:11     | Found a runed gate.
  8699 | D:11     | Noticed snuffy's ghost (journeyman OpAs)
  8699 | D:11     | Noticed an ogre mage
  8726 | D:11     | Killed an ogre mage
  8745 | D:11     | Killed snuffy's ghost
  8745 | D:11     | Reached XP level 12. HP: 39/79 MP: 12/12
  9167 | D:11     | Noticed a five-headed hydra
  9181 | D:11     | Killed a 14-headed hydra
  9531 | D:12     | Noticed Fannar
  9699 | D:12     | Killed Fannar
  9931 | D:12     | Found the brooch of Shielding {Reflect SH+8}
 10060 | D:12     | Noticed a death knight
 10084 | D:12     | Killed a death knight
 10432 | D:13     | Noticed a centaur warrior
 10438 | D:13     | Killed a centaur warrior
 10484 | D:13     | Noticed a tengu warrior
 10484 | D:13     | Noticed a two-headed ogre
 10495 | D:13     | Killed a two-headed ogre
 10495 | D:13     | Reached XP level 13. HP: 86/86 MP: 13/13
 10751 | D:13     | Found a gate to the Vaults.
 10751 | D:13     | Noticed a vault guard
 10751 | D:13     | Noticed a vault guard
 10751 | D:13     | Noticed a vault guard
 10751 | D:13     | Noticed a vault guard
 10751 | D:13     | Noticed a vault guard
 10751 | D:13     | Noticed a vault guard
 10753 | D:13     | Noticed a vault guard
 10813 | D:13     | Found a frozen archway.
 10860 | IceCv    | Entered an ice cave
 11171 | IceCv    | Got an encrusted broad axe
 11172 | IceCv    | Identified the +12 broad axe of a Million Wars {distort,
                  | Dex+2} (You found it in an ice cave)
 11357 | IceCv    | Received a gift from Trog
 11798 | IceCv    | Noticed a frost giant
 11812 | IceCv    | Killed a frost giant
 11846 | IceCv    | Got a steaming chain mail
 11857 | IceCv    | Identified the cursed +0 chain mail of Amorality {rC+ rCorr
                  | Str+3} (You found it in an ice cave)
 12160 | D:13     | Killed a vault guard
 12160 | D:13     | Reached skill level 15 in Axes
 12165 | D:13     | Killed a vault guard
 12165 | D:13     | Gained mutation: Your large and strong wings let you fly
                  | indefinitely. [Gargoyle growth]
 12165 | D:13     | Reached XP level 14. HP: 69/94 MP: 14/14
 12734 | Lair:1   | Entered Level 1 of the Lair of Beasts
 12734 | Lair:1   | Found a runed gate.
 12734 | Lair:1   | Found a runed gate.
 12734 | Lair:1   | Found a runed gate.
 12946 | Lair:1   | Found a dark tunnel.
 12951 | Volcano  | Entered a volcano
 12970 | Volcano  | Found a burning altar of Makhleb.
 13076 | Volcano  | Identified a +2 pair of boots of running (You found it in a
                  | volcano)
 13143 | Volcano  | Reached XP level 15. HP: 94/100 MP: 15/15
 13326 | Lair:1   | Noticed Elideghu's ghost (novice HOFi)
 13339 | Lair:1   | Killed Elideghu's ghost
 13478 | Lair:1   | Received a gift from Trog
 13978 | Lair:2   | Found a staircase to the Snake Pit.
 14648 | Lair:3   | Found a staircase to the Swamp.
 14685 | Lair:3   | Found a labyrinth entrance.
 14703 | Lab      | Entered a labyrinth
 17155 | Lab      | Identified the Papyrus of Damaging Curses
 17155 | Lab      | Identified the Catalogue of Warped Combat Magic
 18029 | Lair:4   | Noticed Nessos
 18044 | Lair:4   | Killed Nessos
 18563 | Lair:5   | Received a gift from Trog
 19133 | Lair:6   | Entered Level 6 of the Lair of Beasts
 19188 | Lair:6   | Reached XP level 16. HP: 98/107 MP: 16/16
 19395 | Lair:6   | Found a burning altar of Makhleb.
 19422 | Lair:6   | Found a gateway to Hell.
 19770 | Lair:6   | Received a gift from Trog
 20150 | Lair:6   | Found a staircase to the Slime Pits.
 20312 | Lair:6   | Found a runed door.
 20317 | Lair:6   | Noticed fearitself's ghost (journeyman GnEn)
 20911 | Lair:6   | Killed fearitself's ghost
 21055 | Lair:6   | Reached skill level 15 in Fighting
 21228 | Orc:1    | Entered Level 1 of the Orcish Mines
 21636 | Orc:2    | Entered Level 2 of the Orcish Mines
 21636 | Orc:2    | Found a staircase to the Elven Halls.
 21652 | Orc:2    | Found Wesoplax's Gadget Shoppe.
 21672 | Orc:1    | Noticed Sonja
 21929 | Orc:1    | Received a gift from Trog
 21932 | Orc:1    | Killed Sonja
 22265 | Orc:2    | Paralysed by an orc sorcerer for 2 turns
 22273 | Orc:2    | Reached skill level 15 in Armour
 22286 | Orc:2    | Found a roughly hewn altar of Beogh.
 22418 | Orc:2    | Found Gyergh's Food Shoppe.
 22440 | Orc:2    | Found Juapan's Assorted Antiques.
 22449 | Orc:2    | Paralysed by an orc sorcerer for 5 turns
 22467 | Orc:2    | Bought a scroll of blinking for 187 gold pieces
 22467 | Orc:2    | Bought a scroll of blinking for 187 gold pieces
 22467 | Orc:2    | Bought a scroll of teleportation for 75 gold pieces
 22839 | Orc:2    | Found Vous's Jewellery Shop.
 22865 | Orc:2    | Found Yceg's Distillery.
 22872 | Orc:2    | Received a gift from Trog
 22886 | Orc:2    | Bought a potion of mutation for 136 gold pieces
 22886 | Orc:2    | Bought a potion of mutation for 136 gold pieces
 22886 | Orc:2    | Bought a potion of heal wounds for 85 gold pieces
 22886 | Orc:2    | Bought a potion of heal wounds for 85 gold pieces
 23096 | Swamp:1  | Entered Level 1 of the Swamp
 24724 | Swamp:2  | Reached XP level 17. HP: 54/114 MP: 17/17
 24941 | Swamp:2  | Received a gift from Trog
 26448 | Swamp:4  | Entered Level 4 of the Swamp
 27432 | Swamp:4  | Received a gift from Trog
 28267 | Swamp:4  | Reached XP level 18. HP: 113/122 MP: 18/18
 28435 | Swamp:4  | Got a decaying rune of Zot
 28696 | Snake:1  | Entered Level 1 of the Snake Pit
 29075 | Snake:1  | Received a gift from Trog
 29290 | Snake:2  | Noticed Agnes
 29310 | Snake:2  | Killed Agnes
 29451 | Snake:2  | Noticed Louise
 29489 | Snake:2  | Cast into level 3 of the Abyss (Louise)
 29636 | Snake:2  | Escaped the Abyss
 29644 | Snake:2  | Killed Louise
 30145 | Snake:2  | Found a stormy altar of Qazlal.
 30501 | Snake:3  | Received a gift from Trog
 30805 | Snake:4  | Entered Level 4 of the Snake Pit
 31233 | Snake:4  | Got a faintly humming chain mail
 31244 | Snake:4  | Identified the cursed +1 chain mail of Lucidity {-Cast
                  | Dex+8 SInv} (You found it on level 4 of the Snake Pit)
 31975 | Snake:4  | Reached XP level 19. HP: 128/128 MP: 19/19
 32093 | Snake:4  | Received a gift from Trog
 33464 | Snake:4  | Got a serpentine rune of Zot
 34214 | D:14     | Received a gift from Trog
 34716 | D:15     | Entered Level 15 of the Dungeon
 34734 | D:15     | Identified a scroll of acquirement
 34735 | D:15     | Got a pair of transparent gloves
 34746 | D:15     | Identified the +0 pair of gloves of Pantheism {Str+3} (You
                  | acquired it on level 15 of the Dungeon)
 34895 | D:15     | Found a staircase to the Depths.
 35149 | D:15     | Found a shadowy altar of Dithmenos.
 36129 | Vaults:1 | Entered Level 1 of the Vaults
 36461 | Vaults:1 | Reached XP level 20. HP: 104/137 MP: 20/20
 37163 | Vaults:1 | Received a gift from Trog
 37678 | Vaults:2 | Found a staircase to the Crypt.
 38334 | Vaults:2 | Noticed Jory
 38358 | Vaults:2 | Killed Jory
 38389 | Vaults:2 | Received a gift from Trog
 39243 | Vaults:3 | Received a gift from Trog
 39310 | Vaults:3 | Reached XP level 21. HP: 126/144 MP: 21/21
 39836 | Vaults:3 | Received a gift from Trog
 40436 | Vaults:4 | Found a magical portal.
 40445 | WizLab   | Entered Cigotuvi's Fleshworks
 40709 | Vaults:4 | Upgraded the game from 0.22.0-2-ge58baed to
                  | 0.22.0-5-gf09313c
 40851 | Vaults:4 | Found Jiasm's Assorted Antiques.
 41087 | Vaults:4 | Received a gift from Trog
 42322 | Vaults:4 | Received a gift from Trog
 42481 | Vaults:5 | Entered Level 5 of the Vaults
 42490 | Vaults:4 | Reached XP level 22. HP: 140/152 MP: 22/22
 43394 | Vaults:5 | Received a gift from Trog
 43648 | Vaults:5 | Noticed an ancient lich
 43649 | Vaults:5 | Reached XP level 23. HP: 159/159 MP: 23/23
 43856 | Vaults:4 | Killed an ancient lich
 44134 | Vaults:5 | Received a gift from Trog
 44199 | Vaults:5 | Found the +4 skin of Zhor {rC+++}
 44282 | Vaults:5 | Got a silver rune of Zot
 45219 | Elf:1    | Entered Level 1 of the Elven Halls
 45280 | Elf:1    | Found Miclef's Armour Boutique.
 45280 | Elf:1    | Found Fiptean's Distillery.
 45312 | Elf:1    | Found a ruined gateway.
 45334 | Desolati | Entered the Desolation of Salt
 45520 | Desolati | Got a twisted plate armour
 45531 | Desolati | Identified the +8 plate armour "Itogoity" {rElec Dex+3}
                  | (You found it in the Desolation of Salt)
 45603 | Desolati | Received a gift from Trog
 45607 | Desolati | Identified the Almanac of Sinister Magic and Moulding
 45611 | Desolati | Got a smoking wooden ring
 45612 | Desolati | Identified the ring "Ilivu" {rPois MR++ Str-5 SInv Stlth+}
                  | (You found it in the Desolation of Salt)
 45615 | Desolati | Got a scorched granite ring
 45616 | Desolati | Identified the ring of Mutualism {rElec rN+ Str+5 Dex-4}
                  | (You found it in the Desolation of Salt)
 45619 | Desolati | Got a serpentine copper ring
 45620 | Desolati | Identified the ring "Liffag" {MR+ Str+7 Int-5 Stlth+} (You
                  | found it in the Desolation of Salt)
 45621 | Desolati | Upgraded the game from 0.22.0-5-gf09313c to
                  | 0.22.0-38-g04b72b8
 46297 | Elf:1    | Received a gift from Trog
 46365 | Elf:1    | Noticed Roxanne
 46374 | Elf:1    | Killed Roxanne
 47094 | Elf:2    | Found a runed gate.
 47094 | Elf:2    | Found a runed gate.
 47120 | Elf:2    | Found a runed gate.
 47179 | Elf:2    | Noticed Nikola
 47192 | Elf:2    | Killed Nikola
 47194 | Elf:2    | Received a gift from Trog
 47891 | Elf:2    | Reached XP level 24. HP: 167/167 MP: 23/23
 47925 | Elf:2    | Found Geaqadgh's General Store.
 47982 | Elf:2    | Received a gift from Trog
 48283 | Elf:3    | Entered Level 3 of the Elven Halls
 48351 | Elf:3    | Reached skill level 1 in Evocations
 48366 | Elf:3    | Found Sugeen's Antique Armour Shop.
 48519 | Elf:3    | Received a gift from Trog
 48546 | Elf:3    | Reached skill level 5 in Evocations
 48842 | Elf:3    | Identified Onlyima's Compendium of Stones and Transmutation
 48904 | Elf:3    | Got an ancient silver ring
 48914 | Elf:3    | Identified Advanced Secret Knowledge
 48923 | Elf:3    | Got a twisted cloak
 48924 | Elf:3    | Identified the ring "Ofasar" {MR+ AC+2 Dex+4} (You found it
                  | on level 3 of the Elven Halls)
 48925 | Elf:3    | Identified the +2 cloak "Vigurits" {Int+4} (You found it on
                  | level 3 of the Elven Halls)
 49001 | Elf:3    | Got a sparkling copper ring
 49026 | Elf:3    | Identified the ring "Illyme Hexil" {AC+3 Str+2 Int+3} (You
                  | found it on level 3 of the Elven Halls)
 49536 | Elf:3    | Found a runed door.
 49540 | Elf:3    | Noticed wevryn's ghost (adept GnFi)
 49603 | Elf:3    | Killed wevryn's ghost
 50284 | Depths:1 | Entered Level 1 of the Depths
 50319 | Depths:1 | Found a one-way gate to the infinite horrors of the Abyss.
 50335 | Depths:1 | Received a gift from Trog
 50963 | Depths:1 | Found a shimmering altar of Xom.
 51594 | Depths:2 | Received a gift from Trog
 51634 | Depths:2 | Reached XP level 25. HP: 119/172 MP: 30/30
 51946 | Depths:2 | Reached skill level 10 in Evocations
 52001 | Depths:2 | Noticed a juggernaut
 52005 | Depths:2 | Killed a juggernaut
 52424 | Depths:2 | Received a gift from Trog
 52509 | Depths:2 | Found a portal to a secret trove of treasure.
 52585 | Depths:2 | Found a one-way gate leading to the halls of Pandemonium.
 52996 | Depths:2 | Got an ichor-stained crystal plate armour
 52997 | Depths:2 | Identified the +1 crystal plate armour of Degen {rPois
                  | Str+2 Stlth+} (You acquired it on level 2 of the Depths)
 53334 | Depths:3 | Found a gateway to a ziggurat.
 53726 | Depths:3 | Found a snail-covered altar of Cheibriados.
 54357 | Depths:4 | Received a gift from Trog
 54946 | Depths:4 | Noticed a juggernaut
 54947 | Depths:4 | Noticed an ancient lich
 54954 | Depths:4 | Killed a juggernaut
 54959 | Depths:4 | Killed an ancient lich
 54987 | Depths:4 | Reached XP level 26. HP: 74/179 MP: 32/32
 56381 | Depths:5 | Entered Level 5 of the Depths
 56568 | Depths:4 | Received a gift from Trog
 57169 | Depths:5 | Found a gate to the Realm of Zot.
 58233 | Temple   | Entered the Ecumenical Temple
 58272 | Temple   | Fell from the grace of Trog
 58272 | Temple   | Became a worshipper of the Shining One
 58577 | Crypt:1  | Entered Level 1 of the Crypt
 58604 | Crypt:1  | Reached * piety under the Shining One
 58710 | Crypt:1  | Reached ** piety under the Shining One
 58744 | Crypt:1  | Noticed Margery
 58756 | Crypt:1  | Killed Margery
 59026 | Crypt:1  | Reached *** piety under the Shining One
 59036 | Crypt:1  | Reached XP level 27. HP: 186/186 MP: 33/33
 59082 | Crypt:1  | Reached **** piety under the Shining One
 59281 | Crypt:1  | Noticed Mara
 59287 | Crypt:1  | Killed Mara
 59388 | Crypt:1  | Reached ***** piety under the Shining One
 59625 | Crypt:1  | Paralysed by Trog for 7 turns
 59801 | Crypt:2  | Reached skill level 1 in Invocations
 59904 | Crypt:2  | Reached ****** piety under the Shining One
 60180 | Crypt:2  | Found a runed gate.
 60180 | Crypt:2  | Found a runed gate.
 60181 | Crypt:2  | Found a runed gate.
 60184 | Crypt:2  | Noticed Feheh's ghost (veteran DrAr)
 60186 | Crypt:2  | Noticed Kastrarch's ghost (adept MiFi)
 60342 | Crypt:2  | Killed Kastrarch's ghost
 60362 | Crypt:2  | Killed Feheh's ghost
 60376 | Crypt:2  | Identified a +9 executioner's axe of holy wrath (a +9
                  | executioner's axe of protection blessed by the Shining One)
 60376 | Crypt:2  | Received a gift from the Shining One
 60389 | Crypt:2  | Got a pair of smoking boots
 60390 | Crypt:2  | Identified the +1 pair of boots "Atsaf" {rPois Dex+2
                  | Slay-4} (You found it on level 2 of the Crypt)
 60413 | Crypt:3  | Entered Level 3 of the Crypt
 60598 | Crypt:3  | Reached skill level 5 in Invocations
 61690 | Crypt:3  | Found a basalt altar of Yredelemnul.
 61690 | Crypt:3  | Noticed an ancient lich
 61695 | Crypt:3  | Killed an ancient lich
 61873 | Crypt:3  | Found a staircase to the Tomb.
 62970 | Zot:1    | Entered Level 1 of the Realm of Zot
 63049 | Zot:1    | Reached skill level 10 in Invocations
 63074 | Zot:1    | Got a scorched copper ring
 63075 | Zot:1    | Identified the ring "Jeisin" {rF++ MP+9 AC+2 Int-5} (You
                  | found it on level 1 of the Realm of Zot)
 63506 | Zot:1    | Noticed an orb of fire
 63507 | Zot:1    | Gained mutation: You are dopey. (Int -2) [an orb of fire]
 63522 | Zot:1    | Gained mutation: You do not regenerate when monsters are
                  | visible. [an orb of fire]
 63525 | Zot:1    | Gained mutation: Your movements are slightly less
                  | encumbered by armour. (ER -2) [an orb of fire]
 63526 | Zot:1    | Gained mutation: Scrolls take you a little longer to read.
                  | [an orb of fire]
 63532 | Zot:1    | Gained mutation: You are occasionally teleported next to
                  | monsters. [an orb of fire]
 63955 | Zot:1    | Lost mutation: You are dopey. (Int -2) [potion of mutation]
 63955 | Zot:1    | Lost mutation: Scrolls take you a little longer to read.
                  | [potion of mutation]
 63955 | Zot:1    | Gained mutation: You possess an exceptional clarity of
                  | mind. [potion of mutation]
 63955 | Zot:1    | Lost mutation: You do not regenerate when monsters are
                  | visible. [potion of mutation]
 63955 | Zot:1    | Gained mutation: Your flesh is cold resistant. (rC+)
                  | [potion of mutation]
 64219 | Zot:1    | Identified the Disquisition on Talismans and the Traveller
 64289 | Zot:1    | Paralysed by Trog for 3 turns
 64329 | Zot:1    | Gained mutation: Your spells are a little easier to cast,
                  | but a little less powerful. [an orb of fire]
 64336 | Zot:1    | Gained mutation: You are frail. (-10% HP) [an orb of fire]
 64341 | Zot:1    | Killed an orb of fire
 64694 | Zot:1    | Lost mutation: Your flesh is cold resistant. (rC+) [potion
                  | of mutation]
 64694 | Zot:1    | Lost mutation: You are occasionally teleported next to
                  | monsters. [potion of mutation]
 64694 | Zot:1    | Lost mutation: You are frail. (-10% HP) [potion of
                  | mutation]
 64694 | Zot:1    | Gained mutation: You have sharp toenails. [potion of
                  | mutation]
 64694 | Zot:1    | Gained mutation: You have a beak for a mouth. [potion of
                  | mutation]
 64694 | Zot:1    | Gained mutation: You are clumsy. (Dex -2) [potion of
                  | mutation]
 64694 | Zot:1    | Lost mutation: You are clumsy. (Dex -2) [potion of
                  | mutation]
 64695 | Zot:1    | Lost mutation: Your spells are a little easier to cast, but
                  | a little less powerful. [potion of mutation]
 64695 | Zot:1    | Lost mutation: Your movements are slightly less encumbered
                  | by armour. (ER -2) [potion of mutation]
 64695 | Zot:1    | Lost mutation: You possess an exceptional clarity of mind.
                  | [potion of mutation]
 64695 | Zot:1    | Lost mutation: You have sharp toenails. [potion of
                  | mutation]
 64695 | Zot:1    | Gained mutation: You are somewhat resistant to further
                  | mutation. [potion of mutation]
 64695 | Zot:1    | Gained mutation: You have a pair of small antennae on your
                  | head. [potion of mutation]
 64696 | Zot:1    | Lost mutation: You have a pair of small antennae on your
                  | head. [potion of mutation]
 64696 | Zot:1    | Gained mutation: Your flesh is cold resistant. (rC+)
                  | [potion of mutation]
 64697 | Zot:1    | Lost mutation: Your flesh is cold resistant. (rC+) [potion
                  | of mutation]
 64697 | Zot:1    | Lost mutation: You have a beak for a mouth. [potion of
                  | mutation]
 64697 | Zot:1    | Lost mutation: You are somewhat resistant to further
                  | mutation. [potion of mutation]
 64697 | Zot:1    | Gained mutation: You are resistant to hostile enchantments.
                  | (MR+) [potion of mutation]
 64697 | Zot:1    | Gained mutation: You are weak. (Str -2) [potion of
                  | mutation]
 64697 | Zot:1    | Lost mutation: You are resistant to hostile enchantments.
                  | (MR+) [potion of mutation]
 64697 | Zot:1    | Gained mutation: You are partially covered in iridescent
                  | scales. (AC +2) [potion of mutation]
 65074 | Zig:1    | Entered Level 1 of a ziggurat
 65097 | Zig:2    | Entered Level 2 of a ziggurat
 65118 | Zig:3    | Entered Level 3 of a ziggurat
 65154 | Zig:4    | Entered Level 4 of a ziggurat
 65256 | Zig:5    | Entered Level 5 of a ziggurat
 65261 | Zig:5    | Noticed an ancient lich
 65268 | Zig:5    | Killed an ancient lich
 65290 | Zig:5    | Identified the Guide on Good Luck and Ignition
 65297 | Zig:6    | Entered Level 6 of a ziggurat
 65334 | Zig:6    | Got a crude golden ring
 65340 | Zig:6    | Identified the ring "Ogyfah" {rCorr rElec Stlth+} (You
                  | found it on level 6 of a ziggurat)
 65347 | Zig:7    | Entered Level 7 of a ziggurat
 65442 | Zig:8    | Entered Level 8 of a ziggurat
 65479 | Zig:8    | Found the ring of Robustness {AC+8}
 65583 | Zig:9    | Entered Level 9 of a ziggurat
 65611 | Zig:9    | Gained mutation: Your body sometimes deteriorates upon
                  | taking damage. [a neqoxec]
 65635 | Zig:9    | Got a steaming plate armour
 65636 | Zig:9    | Identified the +11 plate armour "Jonawyr" {rPois Str+2}
                  | (You found it on level 9 of a ziggurat)
 65640 | Zig:9    | Reached skill level 15 in Invocations
 65642 | Zig:10   | Entered Level 10 of a ziggurat
 65711 | Zig:10   | Got a steaming pewter ring
 65712 | Zig:10   | Identified the ring of Umociul {rN+ Str+3 Stlth+} (You
                  | found it on level 10 of a ziggurat)
 65967 | Zig:11   | Entered Level 11 of a ziggurat
 65977 | Zig:11   | Noticed a juggernaut
 65993 | Zig:11   | Killed a juggernaut
 66117 | Zig:11   | Paralysed by Trog for 5 turns
 66173 | Zig:12   | Entered Level 12 of a ziggurat
 66208 | Zig:12   | Found the +8 storm bow {elec}
 66274 | Zig:12   | Got a glittering pewter ring
 66275 | Zig:12   | Identified the ring of the Shrike {rPois Str+7 Dex-2} (You
                  | found it on level 12 of a ziggurat)
 66283 | Zig:12   | Got a shimmering turquoise ring
 66284 | Zig:12   | Identified the ring "Ypio" {rElec Dex+3 SInv Stlth+} (You
                  | found it on level 12 of a ziggurat)
 66296 | Zig:13   | Entered Level 13 of a ziggurat
 66364 | Zig:13   | HP: 6/188 [acid (12)]
 66368 | Zig:13   | The Shining One protects you from harm!
 66783 | Zig:13   | Got a brightly glowing iron ring
 66784 | Zig:13   | Identified the ring of Departure {rC++ rN+ MR+ Stlth-} (You
                  | found it on level 13 of a ziggurat)
 66797 | Zig:14   | Entered Level 14 of a ziggurat
 66900 | Zig:15   | Entered Level 15 of a ziggurat
 66914 | Zig:15   | Was forgiven by Trog
 67195 | Zig:16   | Entered Level 16 of a ziggurat
 67208 | Zig:16   | Cast into level 2 of the Abyss (merfolk)
 67261 | Abyss:2  | Found a corrupted altar of Lugonu.
 67342 | Abyss:3  | Found a corrupted altar of Lugonu.
 67360 | Abyss:3  | Reached skill level 27 in Armour
 67804 | Abyss:3  | Found a corrupted altar of Lugonu.
 68104 | Abyss:3  | Got an abyssal rune of Zot
 68352 | Abyss:3  | Paralysed by accursed screaming for 2 turns
 68493 | Abyss:3  | Paralysed by accursed screaming for 1 turns
 68499 | Abyss:3  | Paralysed by accursed screaming for 1 turns
 68700 | Zig:16   | Escaped the Abyss
 69200 | Hell     | Entered the Vestibule of Hell
 69266 | Hell     | Noticed Geryon
 69419 | Hell     | Killed Geryon
 69488 | Hell     | Gained mutation: You are dopey. (Int -2) [a cacodemon]
 69519 | Hell     | Found a gateway to the ashen valley of Gehenna.
 69639 | Hell     | Found a gateway to the decaying netherworld of Tartarus.
 69734 | Hell     | Found a gateway to the freezing wastes of Cocytus.
 69901 | Hell     | Found a gateway to the Iron City of Dis.
 69906 | Dis:1    | Entered Level 1 of the Iron City of Dis
 70694 | Dis:4    | Gained mutation: Your spells are a little easier to cast,
                  | but a little less powerful. [mutagenic glow]
 70837 | Dis:7    | Entered Level 7 of the Iron City of Dis
 71060 | Dis:7    | Reached skill level 15 in Evocations
 71562 | Dis:7    | Noticed Dispater
 71583 | Dis:7    | Killed Dispater
 71653 | Dis:7    | Got an iron rune of Zot
 71963 | Coc:1    | Entered Level 1 of Cocytus
 72646 | Coc:5    | Upgraded the game from 0.22.0-38-g04b72b8 to
                  | 0.22.0-49-gab54619
 73297 | Coc:6    | Lost mutation: You are partially covered in iridescent
                  | scales. (AC +2) [potion of mutation]
 73297 | Coc:6    | Lost mutation: Your body sometimes deteriorates upon taking
                  | damage. [potion of mutation]
 73297 | Coc:6    | Lost mutation: You are dopey. (Int -2) [potion of mutation]
 73297 | Coc:6    | Gained mutation: You are partially covered in thin metallic
                  | scales. (AC +2) [potion of mutation]
 73297 | Coc:6    | Gained mutation: You have supernaturally acute eyesight.
                  | (SInv) [potion of mutation]
 73297 | Coc:6    | Gained mutation: You are resistant to hostile enchantments.
                  | (MR+) [potion of mutation]
 73553 | Coc:7    | Entered Level 7 of Cocytus
 74021 | Coc:7    | Noticed Antaeus
 74026 | Coc:7    | Reached skill level 27 in Invocations
 74041 | Coc:7    | Killed Antaeus
 74057 | Coc:7    | Got an icy rune of Zot
 74527 | Tar:1    | Entered Level 1 of Tartarus
 76441 | Tar:7    | Entered Level 7 of Tartarus
 77410 | Tar:7    | Noticed Ereshkigal
 77433 | Tar:7    | Killed Ereshkigal
 77457 | Tar:7    | Got a bone rune of Zot
 77694 | Geh:1    | Entered Level 1 of Gehenna
 78410 | Geh:7    | Entered Level 7 of Gehenna
 78653 | Geh:7    | Noticed the Serpent of Hell
 78666 | Geh:7    | Killed the Serpent of Hell
 78960 | Geh:7    | Got a transparent plate armour
 78961 | Geh:7    | Identified the cursed +1 plate armour of Joy {Int+3} (You
                  | found it on level 7 of Gehenna)
 79014 | Geh:7    | Noticed Asmodeus
 79028 | Geh:7    | Killed Asmodeus
 79031 | Geh:7    | Got an obsidian rune of Zot
 79804 | Orc:2    | Bought 2 potions of haste for 500 gold pieces
 80101 | Pan      | Entered Pandemonium
 80187 | Pan      | Noticed Tiziog Wuhu the pandemonium lord
 80196 | Pan      | Killed Tiziog Wuhu the pandemonium lord
 80309 | Pan      | Noticed Yfuiloq the pandemonium lord
 80317 | Pan      | Killed Yfuiloq the pandemonium lord
 80403 | Pan      | Noticed Kocedgh the pandemonium lord
 80409 | Pan      | Killed Kocedgh the pandemonium lord
 80453 | Pan      | Got a demonic rune of Zot
 80490 | Pan      | Found an exit through the horrors of the Abyss.
 80826 | Pan      | Noticed Konlogui the pandemonium lord
 80834 | Pan      | Killed Konlogui the pandemonium lord
 80903 | Depths:2 | Escaped Pandemonium
 81221 | Temple   | Fell from the grace of the Shining One
 81221 | Temple   | Became a worshipper of Zin the Law-Giver
 81221 | Temple   | Reached * piety under Zin
 81221 | Temple   | Reached ** piety under Zin
 81221 | Temple   | Reached *** piety under Zin
 81221 | Temple   | Reached **** piety under Zin
 81221 | Temple   | Reached ***** piety under Zin
 81222 | Temple   | Donated 6035 gold pieces to Zin
 81229 | D:6      | Donated 3017 gold pieces to Zin
 81418 | Lair:6   | Reached ****** piety under Zin
 81440 | Slime:1  | Entered Level 1 of the Pits of Slime
 81963 | Slime:5  | Entered Level 5 of the Pits of Slime
 82445 | Slime:5  | Found a viscous altar of Jiyva.
 82446 | Slime:5  | Noticed the Royal Jelly
 82845 | Slime:5  | Killed the Royal Jelly
 82857 | Slime:5  | HP: 9/282 [acid[the Royal Jelly] (13)]
 82861 | Slime:5  | Zin protects you from harm!
 82863 | Slime:5  | HP: 3/188 [acid blob/splash of acid (8)]
 82863 | Slime:5  | Splashed by an acid blob's acid

Skill      XL: |  1  2  3  4  5  6  7  8  9 10 11 12 13 14 15 16 17 18 19 20 21 22 23 24 25 26 27 |
---------------+----------------------------------------------------------------------------------+-----
Axes           | 3 4 5 6 7 9 10 12 13 15 16 18 19 20 21 22 23 24 25 26 | 26.6
Armour         | 3 4 5 6 7 9 10 11 12 13 14 15 16 17 18 19 20 21 22 23 24 27 | 27.0
Fighting       | 4 5 7 8 9 10 12 13 14 15 16 17 18 19 20 21 22 23 | 23.3
Evocations     | 9 12 13 26 | 26.9
Invocations    | 27 | 27.0
Dodging        | |  1.5

Action                   |  1- 3 |  4- 6 |  7- 9 | 10-12 | 13-15 | 16-18 | 19-21 | 22-24 | 25-27 || total
-------------------------+-------+-------+-------+-------+-------+-------+-------+-------+-------++-------
Melee: Hand axe          |   105 |       |       |       |       |       |       |       |       ||   105
       War axe           |     7 |   206 |   357 |   675 |    18 |       |       |       |       ||  1263
       Battleaxe         |       |       |       |     2 |   660 |   921 |       |       |       ||  1583
       Executioner's axe |       |       |       |       |       |   874 |  1041 |   950 |  5096 ||  7961
Invok: Berserk           |     1 |     3 |     2 |    10 |     3 |     6 |     4 |     5 |     2 ||    36
       Brothers in Arms  |       |       |     1 |       |       |     1 |     5 |     4 |     8 ||    19
       Trog's Hand       |       |       |       |       |       |       |     2 |       |     1 ||     3
       Cleansing Flame   |       |       |       |       |       |       |       |       |    17 ||    17
       Summon Divine War |       |       |       |       |       |       |       |       |    12 ||    12
       Recite            |       |       |       |       |       |       |       |       |     2 ||     2
       Donate Gold       |       |       |       |       |       |       |       |       |     2 ||     2
       Brand Weapon With |       |       |       |       |       |       |       |       |     1 ||     1
 Abil: Fly               |       |       |       |       |     1 |       |       |     1 |       ||     2
       Stop Flying       |       |       |       |       |       |       |       |     1 |       ||     1
Evoke: Wand              |       |       |       |       |     2 |       |       |       |     4 ||     6
  Use: Scroll            |     2 |     6 |     6 |    11 |    12 |    17 |    18 |    15 |    33 ||   120
       Potion            |     2 |       |       |       |     1 |       |     2 |     5 |    39 ||    49
 Stab: Distracted        |       |       |       |       |       |       |     2 |       |     1 ||     3
  Eat: Ration            |     1 |       |     3 |     3 |     8 |    12 |     6 |     8 |    25 ||    66
       Chunk             |       |     6 |     7 |    18 |     9 |     9 |    18 |     8 |    27 ||   102
Armor: Animal skin       |    49 |       |       |       |       |       |       |       |       ||    49
       Leather armour    |    19 |    22 |       |       |       |       |       |       |       ||    41
       Ring mail         |       |    47 |       |       |       |       |       |       |       ||    47
       Plate armour      |       |    89 |   255 |       |       |       |   581 |   780 |   131 ||  1836
       Chain mail        |       |       |    31 |   502 |   463 |  2224 |   335 |       |       ||  3555
       Crystal plate arm |       |       |       |       |       |       |       |       |   282 ||   282
       Gold dragon scale |       |       |       |       |       |       |       |       |  3937 ||  3937
Dodge: Dodged            |    91 |   102 |   123 |   273 |   299 |   956 |   370 |   284 |  1419 ||  3917
Block: Other             |       |       |    19 |    67 |   270 |   821 |   396 |   311 |  1492 ||  3376
       Reflection        |       |       |     3 |     4 |     5 |    28 |    41 |    33 |    38 ||   152
